 Dungeon Crawl Stone Soup version 0.27.1-33-g824d729ab1 (webtiles) character file.

Game seed: 9580910633942706588

79 bpung the Shield-Bearer (level 4, -2/29 HPs)
             Began as a Gargoyle Fighter on Dec 1, 2021.
             Was an Initiate of Qazlal.
             Slain by an ice beast (13 damage)
             ... on level 4 of the Dungeon.
             The game lasted 00:04:31 (2432 turns).

bpung the Shield-Bearer (Gargoyle Fighter)          Turns: 2432, Time: 00:04:32

Health: -2/29      AC: 17    Str: 20    XL:     4   Next: 38%
Magic:  4/4        EV:  5    Int:  9    God:    Qazlal [......]
Gold:   93         SH:  9    Dex:  9    Spells: 3/3 levels left

rFire    . . .     SeeInvis .   a - +0 flail
rCold    . . .     Faith    .   c - +0 kite shield
rNeg     + + .     Spirit   .   s - +0 chain mail
rPois    ∞         Reflect  .   g - +1 helmet
rElec    +         Harm     .   (no cloak)
rCorr    .         Rampage  .   l - +0 pair of gloves
Will     .....                  o - +0 pair of boots
Stlth    ..........             r - amulet of the acrobat
HPRegen  0.09/turn              e - ring of positive energy
MPRegen  0.09/turn              (no ring)

@: no status effects
A: sickness immunity, AC +3, negative energy resistance 1, electricity
resistance, torment resistance 1, petrification resistance
a: Renounce Religion


You were on level 4 of the Dungeon.
You worshipped Qazlal.
Qazlal was noncommittal.
You visited 1 branch of the dungeon, and saw 4 of its levels.

You collected 93 gold pieces.

Inventory:

Hand Weapons
 a - a +0 flail (weapon)
Armour
 c - a +0 kite shield (worn)
 g - a +1 helmet (worn)
 l - a +0 pair of gloves (worn)
 o - a +0 pair of boots (worn)
 s - a +0 chain mail (worn)
Jewellery
 e - a ring of positive energy (left hand)
 r - an amulet of the acrobat (around neck)
Wands
 b - a wand of paralysis (5)
 n - a wand of acid (5)
 q - a wand of digging (4)
Scrolls
 h - a scroll of acquirement {unknown}
 k - a scroll of identify
Potions
 d - 3 potions of might
 f - a potion of brilliance


   Skills:
 + Level 3.9 Fighting
 + Level 2.8 Maces & Flails
 + Level 3.9 Armour
 + Level 4.0 Shields


You had 3 spell levels left.
You didn't know any spells.
Your spell library contained the following spells:

 Spells                   Type           Power      Damage    Failure   Level
 Corpse Rot               Necr/Air       N/A        N/A       100%        2
 Poisonous Vapours        Pois/Air       0%         N/A       100%        2
 Freezing Cloud           Conj/Ice/Air   0%         6-21      100%        5


Dungeon Overview and Level Annotations

Branches:
Dungeon (4/15)
 Temple: D:4-7

Altars:
Qazlal

Shops:
D:1 [


Innate Abilities, Weirdness & Mutations

You are immune to sickness and miasma.
Your stone body is resilient. (AC +3)
You are immune to poison.
You resist negative energy. (rN+)
You are resistant to electric shocks. (rElec)
You are resistant to unholy torment.
You are immune to petrification.


Message History

The ice beast closely misses you.
You closely miss the ice beast. The ice beast hits you.
The ice beast freezes you. The ice beast barely misses you.
You closely miss the ice beast.
The ice beast hits you but does no damage.
Your shield and chain mail prevent you from hitting the ice beast.
The ice beast hits you but does no damage.
You hit the ice beast.
The ice beast is lightly wounded.
The ice beast hits you but does no damage. x2
You closely miss the ice beast.
The ice beast is lightly wounded.
The ice beast completely misses you.
You hit the ice beast but do no damage.
The ice beast is lightly wounded.
The ice beast barely misses you.
The ice beast hits you but does no damage.
Your shield prevents you from hitting the ice beast.
The ice beast is lightly wounded.
You block the ice beast's attack.
You closely miss the ice beast.
The ice beast is lightly wounded.
The ice beast barely misses you. You block the ice beast's attack.
You barely miss the ice beast.
The ice beast is lightly wounded.
The ice beast hits you but does no damage.
You closely miss the ice beast.
The ice beast is lightly wounded.
The ice beast hits you but does no damage.
You block the ice beast's attack.
You barely miss the ice beast.
The ice beast is lightly wounded.
The ice beast hits you. The ice beast freezes you.
You closely miss the ice beast.
The ice beast is lightly wounded.
The ice beast hits you but does no damage.
You sock the ice beast!
The ice beast is heavily wounded.
The ice beast hits you. The ice beast freezes you!
You die...

## ...
###########....
#O..g..........
#g#...O.?......
#Y#.#<.........
#@#.....#......
#.#####...#....
#.# ##### ###
#.# #.# #.# #.#
#.# #..


You could see an ice beast, an ogre and a goblin.

Vanquished Creatures
  4 adders
  2 worms
  7 endoplasms
  3 giant cockroaches
  2 goblins
  2 hobgoblins
  5 kobolds
  6 ball pythons
  A bat (D:1)
  3 frilled lizards
  2 rats (D:1)
37 creatures vanquished.

Notes
Turn   | Place    | Note
-------+----------+-------------------------------------------
     0 | D:1      | bpung the Gargoyle Fighter began the quest for the Orb.
     0 | D:1      | Reached XP level 1. HP: 14/14 MP: 1/1
   116 | D:1      | Reached XP level 2. HP: 19/19 MP: 2/2
   452 | D:1      | You fall into a shaft and drop 1 floor!
   874 | D:1      | Found Havvoize's Antique Armour Shop.
  1030 | D:2      | Reached XP level 3. HP: 16/24 MP: 3/3
  1486 | D:2      | Reached XP level 4. HP: 21/29 MP: 4/4
  1910 | D:3      | Found a stormy altar of Qazlal.
  1918 | D:3      | Became a worshipper of Qazlal Stormbringer
  2084 | D:3      | Reached skill level 4 in Shields
  2407 | D:4      | Noticed an ogre
  2407 | D:4      | Noticed an ice beast
  2432 | D:4      | Slain by an ice beast

Illustrated notes

Levels and vault maps discovered:
D:1:      minmay_arrival_cross, layout_basic, serial_shops, nicolae_shop_stone
D:2:      layout_loops_ring, grunt_decor_cap
D:3:      layout_rooms, overflow_temple_1_default, chequers_garden,
          corexii_shack
D:4:      minmay_door_path, layout_basic, portal_sewer_entry_e,
          nicolae_ossuary_entry_giza, uniq_ijyb

Skill      XL: |  1  2  3  4 |
---------------+-------------+-----
Shields        | 4 |  4.0
Fighting       | |  3.9
Maces & Flails | |  2.8
Armour         | |  3.9

Action                   |  1- 3 |  4- 6 || total
-------------------------+-------+-------++-------
Melee: Flail             |   101 |    61 ||   162
  Use: Scroll            |       |     4 ||     4
       Potion            |       |     2 ||     2
Armor: Scale mail        |    47 |    20 ||    67
       Chain mail        |       |     8 ||     8
Dodge: Dodged            |    37 |    19 ||    56
Block: Kite shield       |    58 |    34 ||    92
